 Dungeon Crawl Stone Soup version bcrawl-1.35.4c (webtiles) character file.

Game seed: 3878884532812609486

348074 HammerPanzer the Basher (level 7, -2/64 HPs)
             Began as a Minotaur Berserker on Feb 6, 2022.
             Was a Priest of Trog.
             Slain by an orc priest
             ... wielding a +0 morningstar
              (3 damage)
             ... on level 3 of the Dungeon.
             The game lasted 00:05:22 (1954 turns).

HammerPanzer the Basher (Minotaur Berserker)        Turns: 1954, Time: 00:05:22

Health: -2/64      AC:  6    Str: 24    XL:     7   Next: 29%
Magic:  6/6        EV: 11    Int:  4    God:    Trog [***...]
Gold:   181        SH:  0    Dex:  9    Spells: 6/6 levels left

rFire    . . .     SeeInvis .   o - +6 mace (drain)
rCold    . . .     Gourm    .   (no shield)
rNeg     . . .     Faith    .   f - +0 ring mail
rPois    .         Spirit   .   (helmet restricted)
rElec    .         Reflect  .   d - +0 cloak
rCorr    .                      (no gloves)
MR       .....                  (no boots)
Stlth    ..........             (no amulet)
HPRegen  0.20/turn              (no ring)
MPRegen  0.10/turn              (no ring)

@: berserk cooldown, slowed, very slow
A: retaliatory headbutt, horns 2
a: Berserk, Trog's Hand, Renounce Religion


You were on level 3 of the Dungeon.
You worshipped Trog.
Trog was most pleased with you.
You were hungry.

You visited 1 branch of the dungeon, and saw 3 of its levels.

You collected 181 gold pieces.

Inventory:

Hand Weapons
 o - a +6 mace of draining (weapon)
Missiles
 m - 128 poisoned tomahawks (quivered)
Armour
 d - a +0 cloak (worn)
 f - a +0 ring mail (worn)
Scrolls
 c - a scroll of immolation
 g - a scroll of remove curse
 l - a scroll of enchant weapon
Potions
 a - a potion of mutation
 b - a potion of cancellation {unknown}
 i - a potion of might {unknown}
 j - a potion of heal wounds
 n - a potion of flight {unknown}
 p - a potion of magic {unknown}
Comestibles
 e - 3 rations {!d}
 h - 26 chunks of flesh


   Skills:
 + Level 6.5 Fighting
 * Level 8.7 Maces & Flails
 - Level 2.4 Armour
 - Level 2.1 Dodging


You had 6 spell levels left.
You didn't know any spells.
Your spell library was empty.

Dungeon Overview and Level Annotations

Branches:
Dungeon (3/12)

Altars:
Okawaru

Annotations:
D:2 1 runed door


Innate Abilities, Weirdness & Mutations

You reflexively headbutt those who attack you in melee.
You have a pair of horns on your head.


Message History

* * * LOW HITPOINT WARNING * * *
You thump the orc priest!
The orc priest is almost dead.
The orc priest mumbles some strange prayers to Beogh against you.
You resist with almost no effort. The orc barely misses you.
You closely miss the orc. Your headbutt misses the orc.
The orc closely misses you. You furiously retaliate!
You headbutt the orc!
You kill the orc!
Trog accepts your kill.
You closely miss the orc priest.
The orc priest is almost dead.
You are no longer berserk.
You almost pass out, but Trog's vigour flows through you.
You are exhausted.
You feel yourself slow down.
The orc wizard points at you and mumbles some strange words.
The magic dart hits you.
* * * LOW HITPOINT WARNING * * *
The orc priest hits you with a +0 morningstar.
You die...

#################
####...............#####
#.8........)...........####
#...P))..o@)...............
#....####)#########........
...###...P÷..oo.......
#........
..........#............
#.......)
.......#.÷.............
#........
.#.#...#...)..#######..
#......).
...#..(#........... .
#........
.......#÷.#..#.....
#........
........oo#..+..88..
#...)....


You could see an orc wizard and 2 orc priests.

Vanquished Creatures
  Sigmund (D:2)
  3 orc priests (D:3)
  An orc wizard (D:3)
  A centaur skeleton (D:3)
  A worker ant (D:3)
  2 hound zombies (D:3)
  Robin (D:2)
  8 gnolls (D:2)
  A howler monkey skeleton (D:3)
  3 adders
  An ooze (D:2)
  An adder zombie (D:3)
  3 worms
  6 dart slugs
  5 leopard geckos
  19 orcs (D:3)
  3 bats
  3 giant cockroaches
  10 goblins
  11 hobgoblins
  12 jackals
  A quokka (D:1)
  A ball python (D:1)
  A frilled lizard (D:3)
  5 kobolds
  A quokka zombie (D:3)
  A rat (D:1)
106 creatures vanquished.

Notes
Turn   | Place    | Note
-------+----------+-------------------------------------------
     0 | D:1      | HammerPanzer the Minotaur Berserker began the quest for the
                  | Orb.
     0 | D:1      | Reached XP level 1. HP: 19/19 MP: 0/0
    44 | D:1      | Reached skill level 4 in Maces & Flails
    46 | D:1      | Reached XP level 2. HP: 23/27 MP: 1/1
   382 | D:1      | Reached XP level 3. HP: 27/33 MP: 2/2
   697 | D:2      | Reached skill level 5 in Maces & Flails
   756 | D:2      | Noticed Sigmund
   766 | D:2      | Killed Sigmund
   766 | D:2      | Reached ** piety under Trog
   767 | D:2      | Reached skill level 5 in Fighting
   767 | D:2      | Reached skill level 6 in Maces & Flails
   767 | D:2      | Reached XP level 4. HP: 22/42 MP: 3/3
   767 | D:2      | Reached XP level 5. HP: 25/48 MP: 4/4
   919 | D:2      | Reached skill level 7 in Maces & Flails
  1035 | D:2      | Noticed Robin
  1042 | D:2      | Reached XP level 6. HP: 53/56 MP: 5/5
  1051 | D:2      | Killed Robin
  1058 | D:2      | Found an iron altar of Okawaru.
  1276 | D:2      | Found a runed door.
  1754 | D:3      | Reached *** piety under Trog
  1763 | D:3      | Reached skill level 8 in Maces & Flails
  1820 | D:3      | Reached XP level 7. HP: 57/63 MP: 6/6
  1954 | D:3      | HP: 1/64 [orc wizard/magic dart (5)]
  1954 | D:3      | Slain by an orc priest

Skill      XL: |  1  2  3  4  5  6 |
---------------+-------------------+-----
Maces & Flails | 4 6 7 8 |  8.7
Fighting       | 4 5 6 |  6.5
Armour         | |  2.4
Dodging        | |  2.1

Action                   |  1- 3 |  4- 6 |  7- 9 || total
-------------------------+-------+-------+-------++-------
Melee: Mace              |    49 |    92 |    28 ||   169
       Headbutt          |    14 |    12 |     6 ||    32
Invok: Berserk           |     1 |     2 |     2 ||     5
  Use: Scroll            |     2 |     5 |       ||     7
       Potion            |       |       |     1 ||     1
  Eat: Chunk             |     1 |     8 |     2 ||    11
Armor: Ring mail         |    14 |    28 |     4 ||    46
Dodge: Dodged            |    28 |    65 |     9 ||   102
